 Dungeon Crawl Stone Soup version 0.29-a0-598-gd8304a5bf4 (webtiles) character file.

Game seed: 14646507949897971430

20 IdlyInterested the Ducker (level 2, -4/22 HPs)
             Began as a Demonspawn Gladiator on June 15, 2022.
             Slain by an iguana (12 damage)
             ... on level 2 of the Dungeon.
             The game lasted 00:02:17 (686 turns).

IdlyInterested the Ducker (Demonspawn Gladiator)     Turns: 686, Time: 00:02:17

Health: -4/22      AC:  7    Str: 14    XL:     2   Next: 58%
Magic:  2/2        EV: 11    Int:  9    God:
Gold:   61         SH:  0    Dex: 14    Spells: 1/1 levels left

rFire   . . .      SeeInvis .   a - +0 trident
rCold   . . .      Faith    .   (no shield)
rNeg    . . .      Spirit   .   h - +1 ring mail
rPois   .          Reflect  .   c - +0 helmet
rElec   .          Harm     .   l - scarf {repulsion}
rCorr   .          Rampage  .   (no gloves)
Will    .....                   (no boots)
Stlth   +.........              (no amulet)
HPRegen 0.07/turn               (no ring)
MPRegen 0.08/turn               (no ring)

@: repel missiles
A: claws 1
a: no special abilities


You were on level 2 of the Dungeon.
You visited 1 branch of the dungeon, and saw 2 of its levels.

You collected 61 gold pieces.

Inventory:

Hand Weapons
 a - a +0 trident (weapon)
Missiles
 d - 3 throwing nets
 e - a javelin
 k - 36 stones (quivered)
Armour
 b - a +0 leather armour
 c - a +0 helmet (worn)
 h - a +1 ring mail (worn)
 l - a scarf of repulsion (worn)
Magical Staves
 m - a staff of air
Scrolls
 f - a scroll of teleportation {unknown}
 j - 2 scrolls of identify
Potions
 g - a potion of haste


   Skills:
 + Level 2.2 Fighting
 + Level 2.9 Polearms
 - Level 1.7 Throwing
 * Level 3.0 Dodging
 + Level 0.6 Stealth
 * Level 0.4 Unarmed Combat


You had one spell level left.
You didn't know any spells.
Your spell library was empty.

Dungeon Overview and Level Annotations

Branches:
Dungeon (2/15)

Altars:


Innate Abilities, Weirdness & Mutations

You have sharp fingernails.


Message History

You climb downwards.
Found a scroll labelled YXZUIF ARCHA.
Found a stone staircase leading up.
There is a stone staircase leading up here.
f - a scroll labelled YXZUIF ARCHA
Found a club.
Found 4 boomerangs.
A goblin comes into view. It is wielding a +0 dagger.
The goblin shouts!
You hear an angry hiss.
A goblin comes into view. It is wielding a +0 dagger.
Found a cyan potion.
You see here 5 gold pieces.
You barely miss the goblin. The goblin hits you but does no damage.
The goblin misses you.
An iguana comes into view.
You barely miss the goblin.
The iguana hisses angrily.
The goblin closely misses you. The goblin misses you.
You puncture the goblin!
You kill the goblin!
The goblin hits you but does no damage.
You closely miss the goblin. The goblin hits you but does no damage.
You closely miss the goblin. The goblin hits you with a +0 dagger.
You hit the goblin.
The goblin is heavily wounded.
The goblin hits you but does no damage. x2
You hit the iguana.
The iguana is moderately wounded.
The goblin hits you but does no damage. The iguana bites you.
You barely miss the iguana.
The iguana is moderately wounded.
The goblin hits you but does no damage.
The iguana bites you but does no damage.
You hit the iguana.
The iguana is heavily wounded.
The goblin hits you with a +0 dagger. The iguana bites you!
You hit the iguana but do no damage.
The iguana is heavily wounded.
The goblin misses you. The iguana bites you!
Ouch! That really hurt!
You die...
PPPPPPP.P.P...

.. P...P.....P.###.###
P.P.P.PPP.P... ...#
#P.P.P.P...P)###.#.###
#PPP.PPP.PPP..........
#P.........P..#.......
##PPP.P.PPP.P...!.#..##
#.....P.P.P.P..$#?.....
.#.P.P.P.P.P.P..@l.(..#
...P.P.P.P......g.....#
#..PPP.PPPPPPP#...###...
..##.#..##.##..#.## #.
####.......###.#.#
#.......#### #.#.#
#.......# #.#.#
#.......## #.#!#
.........# .#


You could see an iguana and a goblin.

Vanquished Creatures
  A ball python (D:1)
  2 endoplasms (D:1)
  2 goblins
  3 hobgoblins (D:1)
  4 kobolds (D:1)
  A quokka (D:1)
  A bat (D:1)
  3 rats (D:1)
17 creatures vanquished.

Notes
Turn   | Place    | Note
-------+----------+-------------------------------------------
     0 | D:1      | IdlyInterested the Demonspawn Gladiator began the quest for
                  | the Orb.
     0 | D:1      | Reached XP level 1. HP: 16/16 MP: 1/1
   139 | D:1      | Found a faded altar of an unknown god.
   292 | D:1      | Discovered your monstrous ancestry.
   292 | D:1      | Gained mutation: You have sharp fingernails. [demonic
                  | ancestry]
   292 | D:1      | Reached XP level 2. HP: 22/22 MP: 2/2
   478 | D:1      | Reached skill level 3 in Dodging
   686 | D:2      | Slain by an iguana

Illustrated notes

Levels and vault maps discovered:
D:1:      eino_arrival_water_star, layout_basic,
          shapermc_ecumenical_altar_starsandcircs, nicolae_figureground_pulse
D:2:      layout_loops_cross, minmay_hedge_maze

Skill      XL: |  1  2 |
---------------+-------+-----
Dodging        | 3 |  3.0
Fighting       | |  2.2
Polearms       | |  2.9
Throwing       | |  1.7
Stealth        | |  0.6
Unarmed Combat | |  0.4

Action                   || total
-------------------------++-------
Melee: Trident           ||    50
       Punch             ||     2
Throw: Stone             ||     2
  Use: Scroll            ||     3
Armor: Ring mail         ||    23
       Leather armour    ||     3
Dodge: Dodged            ||    24

Table legend: (Time is in decaauts)
 A = Elapsed time spent in this place.
 B = Non-inter-level travel time spent in this place.
 C = Inter-level travel time spent in this place.
 D = Time resting spent in this place.
 E = Time spent auto-exploring this place.
 F = Levels seen in this place.
 G = Mean time per level.
                   A        B        C        D        E       F      G
               +--------+--------+--------+--------+--------+-----+--------+
         Total |    694 |    676 |     18 |     30 |    448 |   2 |  347.0 |
       Dungeon |    694 |    676 |     18 |     30 |    448 |   2 |  347.0 |
               +--------+--------+--------+--------+--------+-----+--------+

Top non-repeatable levels by time:
     D:1: 650 daAuts
     D:2: 44 daAuts
